 Dungeon Crawl Stone Soup version 0.21.1-1-g345015f (webtiles) character file.

2494 geeseburger the Fighter (level 9, -5/78 HPs)
             Began as a Formicid Fighter on July 11, 2018.
             Was a Priest of Okawaru.
             Killed by divine providence
             ... invoked by an orc priest
              (15 damage)
             ... on level 7 of the Dungeon.
             The game lasted 00:18:11 (7489 turns).

geeseburger the Fighter (Formicid Fighter)          Turns: 7489, Time: 00:18:11

Health: -5/78      AC: 12    Str: 24    XL:     9   Next: 82%
Magic:  9/9        EV:  7    Int:  8    God:    Okawaru [***...]
Gold:   408        SH: 11    Dex: 10    Spells: 8/8 levels left

rFire    + . .     SeeInvis +   a - +0 long sword
rCold    . . .     Gourm    .   n - +2 shield {AC+3}
rNeg     . . .     Faith    .   b - +0 scale mail
rPois    .         Spirit   .   (helmet unavailable)
rElec    .         Reflect  .   k - +0 cloak
rCorr    .         Harm     .   s - +0 pair of gloves
MR       .....                  (no boots)
Stlth    ..........             (no amulet)
HPRegen  0.23/turn              j - ring of protection from fire
MPRegen  0.11/turn              (no ring)

@: drained
A: permanent stasis, dig shafts and tunnels, four strong arms, antennae 3
a: Dig, Shaft Self, Heroism, Renounce Religion


You were on level 7 of the Dungeon.
You worshipped Okawaru.
Okawaru was most pleased with you.
You were not hungry.

You visited 2 branches of the dungeon, and saw 8 of its levels.

You collected 408 gold pieces.

Inventory:

Hand Weapons
 a - a +0 long sword (weapon)
Armour
 b - a +0 scale mail (worn)
 k - a +0 cloak (worn)
 n - a +2 shield of protection (worn)
 s - a +0 pair of gloves (worn)
Jewellery
 j - a ring of protection from fire (left hand)
Wands
 i - a wand of random effects (12)
Scrolls
 c - 3 scrolls of remove curse
 o - 4 scrolls of teleportation
 q - a scroll of random uselessness
 t - a scroll of identify
 u - 2 scrolls of fear
Potions
 d - a potion of might
 g - a potion of ambrosia
 h - a potion of flight {unknown}
 l - 2 potions of brilliance
 m - a potion of magic {unknown}
 p - 2 potions of curing {unknown}
 r - 2 potions of experience {unknown}
Comestibles
 f - 7 rations


   Skills:
 + Level 10.2(9.8) Fighting
 + Level 9.1(8.7) Long Blades
 - Level 3.2(2.9) Armour
 - Level 3.6(3.2) Shields


You had 8 spell levels left.
You didn't know any spells.

Dungeon Overview and Level Annotations

Branches:
Dungeon (7/15)             Temple (1/1) D:4

Altars:
Ashenzari
Cheibriados
Dithmenos
Elyvilon
Fedhas
Gozag
Hepliaklqana
Kikubaaqudgha
Makhleb
Okawaru
Ru
Sif Muna
Trog
Uskayaw
Vehumet
Wu Jian
Yredelemnul
Zin
The Shining One


Innate Abilities, Weirdness & Mutations

You cannot be hasted, slowed, berserked, paralysed or teleported.
You can dig through walls and to a lower floor.
Your four strong arms can wield two-handed weapons with a shield.
You have a pair of large antennae on your head. (SInv)


Message History

You are too injured to fight recklessly!
You are too injured to fight recklessly!
You are too injured to fight recklessly!
You are too injured to fight recklessly!
You barely miss the orc warrior.
The orc warrior is lightly wounded.
You block the orc warrior's attack.
The orc priest calls down the wrath of Beogh upon you.
Beogh smites you!
You hit the orc warrior.
The orc warrior is moderately wounded.
The orc warrior hits you with a glaive!!
* * * LOW HITPOINT WARNING * * *
You slash the orc warrior!
The orc warrior is severely wounded.
You closely miss the orc warrior.
The orc warrior is severely wounded.
The orc priest invokes the aid of Beogh against you.
Beogh smites you!
You die...

#.# #.#
#.# #.#
#.#
#.#######
#
#.....(.#
#.#
#######†#
..# #@#
### #o#
#o# #o#
#.# #.#
#.# ..#


You could see an orc warrior, an orc priest and an orc.

Vanquished Creatures
  The ghost of Ethylacetat the Spear-Bearer, a novice NaWr of Cheibriados (D:7)
  Prince Ribbit (D:5)
  A water moccasin (D:7)
  An ice beast (D:7)
  A black bear (D:6)
  A necrophage (D:6)
  2 centaurs (D:6)
  A bullfrog (D:6)
  4 wights (D:7)
  The ghost of dscm the Chopper, a weakling DsGl (D:3)
  2 howler monkeys
  A bullfrog zombie (D:5)
  3 hounds
  An orc priest (D:6)
  3 jellies
  6 orc wizards
  Ijyb (D:3)
  2 iguanas
  Natasha (thrice) (D:2)
  2 worker ants
  Robin (D:4)
  4 gnolls
  4 adders
  2 shadow imps
  3 oozes
  2 adder skeletons
  3 worms (D:3)
  3 dart slugs
  2 leopard geckos
  17 orcs
  3 ball pythons
  5 bats
  8 giant cockroaches
  12 goblins
  13 hobgoblins
  3 jackals (D:4)
  4 kobolds
  2 quokkas
  3 frilled lizards
  2 leopard gecko skeletons
  4 rats
138 creatures vanquished.

Notes
Turn   | Place    | Note
-------+----------+-------------------------------------------
     0 | D:1      | geeseburger the Formicid Fighter began the quest for the Orb.
     0 | D:1      | Reached XP level 1. HP: 18/18 MP: 1/1
   214 | D:1      | Reached XP level 2. HP: 10/25 MP: 2/2
   696 | D:1      | Reached XP level 3. HP: 29/30 MP: 3/3
   835 | D:1      | Reached skill level 4 in Fighting
  1623 | D:2      | Noticed Natasha
  1625 | D:2      | Killed Natasha
  1625 | D:2      | Reached XP level 4. HP: 38/38 MP: 4/4
  1686 | D:2      | Noticed Natasha
  1697 | D:2      | Killed Natasha
  1741 | D:2      | Noticed Natasha
  1749 | D:2      | Killed Natasha
  1749 | D:2      | Reached XP level 5. HP: 25/43 MP: 5/5
  1915 | D:3      | Noticed dscm's ghost (weakling DsGl)
  1931 | D:3      | Killed dscm's ghost
  1931 | D:3      | Reached skill level 5 in Fighting
  2240 | D:2      | Reached XP level 6. HP: 27/51 MP: 6/6
  2628 | D:3      | Noticed Ijyb
  2642 | D:3      | Killed Ijyb
  2667 | D:3      | Found a glowing golden altar of the Shining One.
  3079 | D:3      | Reached skill level 6 in Fighting
  3245 | D:4      | Reached skill level 5 in Long Blades
  3245 | D:4      | Reached XP level 7. HP: 56/58 MP: 7/7
  3292 | D:4      | Noticed Robin
  3344 | D:4      | Killed Robin
  3650 | D:4      | Found a staircase to the Ecumenical Temple.
  3914 | Temple   | Entered the Ecumenical Temple
  3965 | Temple   | Became a worshipper of Warmaster Okawaru
  3994 | D:5      | Entered Level 5 of the Dungeon
  4006 | D:5      | Got a spiked leather armour
  4391 | D:5      | Found a snail-covered altar of Cheibriados.
  4631 | D:5      | Reached skill level 7 in Fighting
  4686 | D:5      | Noticed Prince Ribbit
  4708 | D:5      | Killed Prince Ribbit
  4708 | D:5      | Reached * piety under Okawaru
  4708 | D:5      | Reached XP level 8. HP: 24/67 MP: 8/8
  5280 | D:5      | Identified the +1 leather armour of the Trombone {Str+4} (You found it on level 5 of the Dungeon)
  5617 | D:6      | Found an ornate altar of the Wu Jian Council.
  5618 | D:6      | Found a deep blue altar of Sif Muna.
  5646 | D:6      | Reached skill level 8 in Fighting
  5784 | D:6      | Found a blossoming altar of Fedhas.
  6199 | D:6      | Reached ** piety under Okawaru
  6199 | D:6      | Reached XP level 9. HP: 48/75 MP: 9/9
  6685 | D:7      | Reached skill level 9 in Fighting
  6912 | D:7      | Noticed Ethylacetat's ghost (novice NaWr)
  6946 | D:7      | Killed Ethylacetat's ghost
  6946 | D:7      | Reached skill level 10 in Fighting
  7252 | D:7      | Reached *** piety under Okawaru
  7322 | D:7      | Noticed a hand axe
  7322 | D:7      | Found a hide-covered altar of Uskayaw.
  7322 | D:7      | Noticed a dagger
  7489 | D:7      | Killed from afar by an orc priest

Skill      XL: |  1  2  3  4  5  6  7  8  9 |
---------------+----------------------------+-----
Fighting       | 4 5 6 7 8 10 | 10.2
Long Blades    | 3 4 5 6 7 9 |  9.1
Armour         | |  3.2
Shields        | |  3.6

Action                   |  1- 3 |  4- 6 |  7- 9 || total
-------------------------+-------+-------+-------++-------
Melee: Long sword        |   109 |   207 |   368 ||   684
  Use: Scroll            |     4 |     5 |     6 ||    15
       Potion            |       |       |     3 ||     3
  Eat: Ration            |     1 |     2 |     4 ||     7
Armor: Scale mail        |    51 |    64 |   162 ||   277
Dodge: Dodged            |    31 |    82 |   124 ||   237
Block: Shield            |    50 |   123 |   250 ||   423
       Rpst.: Long sword |     7 |    27 |    41 ||    75
